[Event "European Amateur-ch U2300 2019"]
[Site "Rhodes"]
[Date "2019.04.14"]
[Round "9.1"]
[White "Shukan, Alexander"]
[Black "Yungucu, Arda"]
[Result "0-1"]
[ECO "B26"]
[WhiteElo "2088"]
[BlackElo "1959"]
[Annotator "NA"]
[PlyCount "52"]
[EventDate "2019.04.06"]
[EventType "swiss"]
[EventCountry "GRE"]
[SourceTitle "playchess.com"]
[Source "ChessBase"]
[SourceQuality "1"]
[TimeControl "40/5400+30:1800+30"]

1. e4 c5 2. Nc3 Nc6 3. g3 g6 4. d3 Bg7 5. Be3 d6 6. Qd2 Rb8 7. Bg2 b5 8. Nge2 b4 9. Nd1 Nd4 10. h3 {[%emt 0:01:47] B26: Closed Sicilian: 3 g3, lines with early Be3} (10. O-O e6 11. Nc1 Ne7 12. c3 bxc3 13. bxc3 Ndc6 14. Bh6 O-O 15. Bxg7 Kxg7 16. Ne3 a5 17. Ne2 Ba6 18. f4 f5 19. exf5 gxf5 20. g4 d5 21. gxf5 exf5 22. Ng3 Qd7 23. Rfe1 d4 24. Nc4 {½-½ (38) Piorun,K (2634)-Gutenev,A (2456) St Petersburg 2018}) 10... e6 11. Nc1 Ne7 12. c3 bxc3 13. bxc3 Ndc6 14. Bh6 O-O 15. Bxg7 Kxg7 16. O-O Ba6 17. f4 f5 $146 ({Predecessor:} 17... d5) 18. Rf2 Qa5 19. Ne3 Rb6 20. g4 Rfb8 21. gxf5 Rb2 22. Nc2 exf5 23. exf5 gxf5 $2 (23... Qa4 $1 $11) 24. Qe1 Qd8 25. c4 Qf8 26. Bxc6 $17 (26. Kh2 $11) 26... Nxc6 0-1

[Event "European Amateur-ch U2300 2019"]
[Site "Rhodes"]
[Date "2019.04.14"]
[Round "9.2"]
[White "Zherebtsova, Alexandra"]
[Black "Brouwer, Dennis"]
[Result "1/2-1/2"]
[ECO "D95"]
[WhiteElo "2203"]
[BlackElo "2179"]
[Annotator "ChessBase"]
[PlyCount "58"]
[EventDate "2019.04.06"]
[EventType "swiss"]
[EventCountry "GRE"]
[SourceTitle "playchess.com"]
[Source "ChessBase"]
[SourceQuality "1"]
[TimeControl "40/5400+30:1800+30"]

1. d4 Nf6 2. c4 g6 3. Nc3 d5 4. e3 Bg7 5. Qb3 c6 6. Nf3 O-O 7. Bd2 Qb6 8. Qa3 Re8 9. h3 e6 10. b4 Nbd7 11. cxd5 exd5 12. Be2 Ne4 13. Qb3 a6 14. Nxe4 Rxe4 15. O-O Re8 16. a4 Nf6 17. Bc3 Ne4 18. Bb2 Be6 19. b5 axb5 20. axb5 Nd6 21. Ba3 Nc4 22. Rfb1 Bf5 23. Bd3 Bxd3 24. Qxd3 Nxa3 25. Rxa3 c5 26. dxc5 Qxc5 27. Rxa8 Rxa8 28. Rd1 Ra5 29. Qxd5 Rxb5 1/2-1/2

[Event "European Amateur-ch U2300 2019"]
[Site "Rhodes"]
[Date "2019.04.14"]
[Round "9.3"]
[White "Van De Perre, Tom"]
[Black "Minko, Dmitry"]
[Result "1/2-1/2"]
[ECO "C45"]
[WhiteElo "2102"]
[BlackElo "2169"]
[Annotator "NA"]
[PlyCount "56"]
[EventDate "2019.04.06"]
[EventType "swiss"]
[EventCountry "GRE"]
[SourceTitle "playchess.com"]
[Source "ChessBase"]
[SourceQuality "1"]
[TimeControl "40/5400+30:1800+30"]

1. e4 e5 2. Nf3 Nc6 3. d4 exd4 4. Nxd4 Bc5 5. Nxc6 Qf6 6. Qf3 Qxf3 7. gxf3 bxc6 8. Be3 {[%emt 0:04:23] C45: Scotch Game} Bb6 9. Nc3 Ne7 10. O-O-O d6 11. Na4 $146 ({Predecessor:} 11. h4 O-O 12. h5 Be6 13. Rg1 f5 14. Ne2 fxe4 15. fxe4 Bxe3+ 16. fxe3 {1-0 (53) Zvjaginsev,V (2661)-Harutyunian,T (2523) Minsk 2017}) 11... Bxe3+ 12. fxe3 Be6 13. Bd3 O-O 14. Nc3 f5 15. f4 Rae8 16. Rhg1 Bc8 17. Rde1 fxe4 18. Nxe4 Bf5 19. Ng3 d5 20. Kd2 Bh3 21. b4 Nc8 22. Ne2 Nd6 23. Nd4 Bd7 24. Rg5 $16 a5 25. Reg1 Rf7 26. a3 axb4 27. axb4 Rb8 28. c3 Ra8 1/2-1/2

[Event "European Amateur-ch U2300 2019"]
[Site "Rhodes"]
[Date "2019.04.14"]
[Round "9.5"]
[White "Cmiel, Thorsten"]
[Black "Andreev, Stanislav"]
[Result "1/2-1/2"]
[ECO "B13"]
[WhiteElo "2109"]
[BlackElo "2140"]
[Annotator "NA"]
[PlyCount "69"]
[EventDate "2019.04.06"]
[EventType "swiss"]
[EventCountry "GRE"]
[SourceTitle "playchess.com"]
[Source "ChessBase"]
[SourceQuality "1"]
[TimeControl "40/5400+30:1800+30"]

1. e4 c6 2. d4 d5 3. exd5 cxd5 4. Bd3 Nc6 5. c3 Qc7 6. Ne2 Bg4 7. O-O {[%emt 0:02:33] B13: Caro-Kann: Exchange Variation and Panov-Botvinnik Attack} e6 8. Qe1 Bd6 (8... Bxe2 9. Qxe2 Nf6 10. Nd2 Bd6 11. g3 O-O 12. f4 a6 13. Nf3 b5 14. a3 Ne7 {½-½ (52) Le,Q (2715)-Nisipeanu,L (2661) Batumi 2018}) 9. f3 Bh5 10. Qh4 Bg6 11. Bxg6 fxg6 12. Bf4 Nf6 13. Nd2 O-O 14. Bxd6 Qxd6 {[%emt 0:00:04] [#]} 15. Qg3 $146 e5 16. dxe5 Nxe5 17. Nd4 Nh5 18. Qe1 Rae8 19. Qb1 Qf6 20. Qc2 Qg5 21. Rae1 Qh4 22. Qb3 Nf4 23. g3 Nh3+ 24. Kg2 Qh6 25. Qxd5+ Kh8 26. Ne4 Nd3 27. Qb5 Nxe1+ 28. Rxe1 Nf2 29. Kxf2 Qxh2+ 30. Ke3 Qxg3 31. Kd2 Qf4+ 32. Kc2 b6 33. Re2 Re5 34. Qd7 $16 Rf7 35. Qd8+ 1/2-1/2